 Dungeon Crawl Stone Soup version 0.22-a0-479-gc6e99f3 (webtiles) character file.

77 aronpayne the Thaumaturge (level 4, -7/32 HPs)
             Began as a Gnoll Wanderer on June 14, 2018.
             Was an Initiate of Fedhas.
             Mangled by Sigmund
             ... wielding a +0 scythe
              (11 damage)
             ... on level 3 of the Dungeon.
             The game lasted 00:08:39 (2723 turns).

aronpayne the Thaumaturge (Gnoll Wanderer)          Turns: 2723, Time: 00:08:40

Health: -7/32      AC:  7    Str: 12    XL:     4   Next: 33%
Magic:  15/15      EV:  9    Int: 19    God:    Fedhas [......]
Gold:   82         SH:  0    Dex: 13    Spells: 21/21 levels left

rFire    . . .     SeeInvis .   j - +1 dagger (freeze)
rCold    . . .     Gourm    .   (no shield)
rNeg     . . .     Faith    .   i - +0 scale mail
rPois    .         Spirit   .   (no helmet)
rElec    .         Reflect  .   (no cloak)
rCorr    .         Harm     .   n - +0 pair of gloves
MR       .....                  (no boots)
Stlth    ..........             (no amulet)
HPRegen  0.10/turn              (no ring)
MPRegen  0.14/turn              (no ring)

@: no status effects
A: distributed training, fangs 1, strong nose
a: Fungal Bloom, Renounce Religion


You were on level 3 of the Dungeon.
You worshipped Fedhas.
Fedhas was noncommittal.
You were not hungry.

You visited 1 branch of the dungeon, and saw 3 of its levels.

You collected 82 gold pieces.

Inventory:

Hand Weapons
 j - a +1 dagger of freezing (weapon)
 m - a +0 falchion
Armour
 d - a +0 robe
 g - a +0 shield
 i - a +0 scale mail (worn)
 n - a +0 pair of gloves (worn)
Scrolls
 b - 3 scrolls of teleportation
 c - 3 scrolls of identify {unknown}
 e - 3 scrolls of remove curse {unknown}
 p - a scroll of enchant armour {unknown}
Potions
 h - a potion of haste {unknown}
 k - a potion of invisibility {unknown}
 q - a potion of brilliance {unknown}
Comestibles
 f - 2 rations
 o - 2 chunks of flesh


   Skills:
 + Level 1.1 Fighting
 + Level 1.1 Short Blades
 + Level 1.1 Long Blades
 + Level 1.1 Axes
 + Level 1.1 Maces & Flails
 + Level 1.1 Polearms
 + Level 1.1 Staves
 + Level 1.1 Slings
 + Level 1.1 Bows
 + Level 1.1 Crossbows
 + Level 1.1 Throwing
 + Level 1.1 Armour
 + Level 1.1 Dodging
 + Level 1.1 Stealth
 + Level 2.7 Shields
 + Level 1.1 Unarmed Combat
 + Level 9.3 Spellcasting
 + Level 0.8 Conjurations
 + Level 0.8 Hexes
 + Level 2.2 Charms
 + Level 0.8 Summonings
 + Level 0.8 Necromancy
 + Level 0.8 Translocations
 + Level 0.8 Transmutations
 + Level 0.8 Fire Magic
 + Level 5.4 Ice Magic
 + Level 0.8 Air Magic
 + Level 0.8 Earth Magic
 + Level 0.8 Poison Magic
 + Level 1.2 Invocations
 + Level 2.7 Evocations


You had 21 spell levels left.
You didn't know any spells.
Your spell library contained the following spells:

 Spells                   Type           Power        Failure   Level  Hunger
 Magic Dart               Conj           ##..         30%         1    None
 Conjure Flame            Conj/Fire      ##......     65%         3    None
 Slow                     Hex            ##......     41%         2    None
 Mephitic Cloud           Conj/Pois/Air  ##......     65%         3    None
 Blink                    Tloc           N/A          41%         2    None
 Freeze                   Ice            ####         4%          1    None
 Ozocubu's Armour         Chrm/Ice       ###.....     26%         3    None
 Call Imp                 Summ           ##......     41%         2    None


Dungeon Overview and Level Annotations

Branches:
Dungeon (3/15)

Altars:
Fedhas

Annotations:
D:3 Grinder, Sigmund


Innate Abilities, Weirdness & Mutations

Your experience applies equally to all skills.
You have very sharp teeth.
Your uncanny sense of smell can sniff out nearby items.


Message History

You're too confused to move!
The goblin hits you but does no damage. Sigmund hits you but does no damage.
The kobold hits you but does no damage.
The jackal barks!
The jackal barely misses you. x2
You feel less confused. The jackal barely misses you.
Sigmund casts a spell at you. The puff of flame hits you!
The jackal closely misses you.
You hit Sigmund but do no damage. The jackal bites you.
* * * LOW HITPOINT WARNING * * *
The jackal barely misses you. Sigmund hits you with a scythe.
* * * LOW HITPOINT WARNING * * *
The jackal closely misses you.
The jackal bites you but does no damage.
The jackal barely misses you. The jackal misses you.
The jackal bites you but does no damage.
Sigmund laughs darkly.
Sigmund hits you from afar with a scythe!
You die...
Fedhas appreciates your contribution to the ecosystem.

## #.. #... #### ....
#..#####...# #######
##.........#
.##.....####..#####..##
.........##..## #PP##
.......@hKg.## #.##
......hh÷@.## #.#
...........# #.##
...?.......# #..###.
...........# ##.....
.......?...# #.###.
.........#.# ##.#
.##.....##.# #..#
#..... .# #.##


You could see Sigmund, 3 jackals, a goblin and a kobold.

Vanquished Creatures
  2 adders (D:2)
  3 oozes
  2 dart slugs (D:2)
  An orc (D:3)
  A ball python (D:2)
  3 giant cockroaches
  4 goblins (D:1)
  7 hobgoblins
  A jackal (D:3)
  4 bats
  5 frilled lizards
  5 kobolds
  3 rats
41 creatures vanquished.

Vanquished Creatures (others)
  6 toadstools
6 creatures vanquished.

Grand Total: 47 creatures vanquished

Notes
Turn   | Place    | Note
-------+----------+-------------------------------------------
     0 | D:1      | Reached skill level 9 in Spellcasting
     0 | D:1      | aronpayne the Gnoll Wanderer began the quest for the Orb.
     0 | D:1      | aronpayne set off with: a scroll of teleportation, a +0 robe, a +0 dagger, a ration
     0 | D:1      | Reached XP level 1. HP: 13/13 MP: 10/10
   473 | D:1      | Reached XP level 2. HP: 13/19 MP: 12/12
  1214 | D:2      | Reached XP level 3. HP: 19/25 MP: 13/13
  1396 | D:2      | Reached skill level 1 in Invocations
  1783 | D:2      | Found a blossoming altar of Fedhas.
  1788 | D:2      | Became a worshipper of Fedhas Madash
  1913 | D:2      | Reached skill level 1 in Fighting
  1913 | D:2      | Reached skill level 1 in Short Blades
  1913 | D:2      | Reached skill level 1 in Long Blades
  1913 | D:2      | Reached skill level 1 in Axes
  1913 | D:2      | Reached skill level 1 in Maces & Flails
  1913 | D:2      | Reached skill level 1 in Polearms
  1913 | D:2      | Reached skill level 1 in Staves
  1913 | D:2      | Reached skill level 1 in Slings
  1913 | D:2      | Reached skill level 1 in Bows
  1913 | D:2      | Reached skill level 1 in Crossbows
  1913 | D:2      | Reached skill level 1 in Throwing
  1913 | D:2      | Reached skill level 1 in Armour
  1913 | D:2      | Reached skill level 1 in Dodging
  1913 | D:2      | Reached skill level 1 in Stealth
  1913 | D:2      | Reached skill level 1 in Unarmed Combat
  1913 | D:2      | Reached XP level 4. HP: 11/32 MP: 15/15
  2595 | D:3      | Noticed Grinder
  2598 | D:3      | Paralysed by Grinder for 5 turns
  2689 | D:3      | Noticed Sigmund
  2723 | D:3      | Mangled by Sigmund

Vault maps used:
D:1:      dpeg_arrival_simpleton_b, glass_columns_a, grunt_decor_resistance,
          st_stairs_11
D:2:      marbit_many_paths
D:3:      nemelex_spade_bored_becter, uniq_sigmund, uniq_grinder

Skill      XL: |  1  2  3 |
---------------+----------+-----
Spellcasting   | |  9.3
Charms         | 2 |  2.2
Invocations    | 1 |  1.2
Fighting       | 1 |  1.1
Short Blades   | 1 |  1.1
Long Blades    | 1 |  1.1
Axes           | 1 |  1.1
Maces & Flails | 1 |  1.1
Polearms       | 1 |  1.1
Staves         | 1 |  1.1
Slings         | 1 |  1.1
Bows           | 1 |  1.1
Crossbows      | 1 |  1.1
Throwing       | 1 |  1.1
Armour         | 1 |  1.1
Dodging        | 1 |  1.1
Stealth        | 1 |  1.1
Unarmed Combat | 1 |  1.1
Shields        | |  2.7
Conjurations   | |  0.8
Hexes          | |  0.8
Summonings     | |  0.8
Necromancy     | |  0.8
Translocations | |  0.8
Transmutations | |  0.8
Fire Magic     | |  0.8
Ice Magic      | |  5.4
Air Magic      | |  0.8
Earth Magic    | |  0.8
Poison Magic   | |  0.8
Evocations     | |  2.7

Action                   |  1- 3 |  4- 6 || total
-------------------------+-------+-------++-------
Melee: Hand axe          |    58 |       ||    58
       Dagger            |     3 |    42 ||    45
       Bite              |    11 |     5 ||    16
       Falchion          |    61 |     8 ||    69
Invok: Fungal Bloom      |     1 |     4 ||     5
  Use: Potion            |       |     2 ||     2
  Eat: Chunk             |     3 |     1 ||     4
       Ration            |       |     1 ||     1
Armor: Scale mail        |    78 |    32 ||   110
       Robe              |     3 |       ||     3
Dodge: Dodged            |    64 |    43 ||   107
       Rpst.: Falchion   |     5 |     1 ||     6

Table legend:
 A = Spawn XP
 B = Non-spawn XP
 C = Spawn XP percentage of total XP
 D = Spawn monster count
 E = Non-spawn monster count
 F = Spawn count percentage of total count
 G = Total turns spent on level
                    A         B        C        D         E        F      G
               +---------+---------+-------+---------+---------+-------+---------
         Total |       0 |     110 |   0.0 |       0 |      41 |   0.0 |  2723
               +---------+---------+-------+---------+---------+-------+---------
           D:1 |       0 |      29 |   0.0 |       0 |      15 |   0.0 |  1206
           D:2 |       0 |      71 |   0.0 |       0 |      20 |   0.0 |  1400
           D:3 |       0 |      10 |   0.0 |       0 |       6 |   0.0 |   117
               +---------+---------+-------+---------+---------+-------+---------
